 Dungeon Crawl Stone Soup version 0.26.1-11-gd32895ea62 (webtiles) character file.

Game seed: 267510502758688687

117 Exodus22XD the Chopper (level 5, -8/46 HPs)
             Began as a Hill Orc Monk on May 9, 2021.
             Killed from afar by an orc wizard (14 damage)
             ... with a puff of frost
             ... on level 3 of the Dungeon.
             The game lasted 00:02:27 (2350 turns).

Exodus22XD the Chopper (Hill Orc Monk)              Turns: 2350, Time: 00:02:27

Health: -8/46      AC:  3    Str: 15    XL:     5   Next: 1%
Magic:  5/5        EV: 13    Int: 10    God:
Gold:   200        SH:  0    Dex: 13    Spells: 4/4 levels left

rFire    . . .     SeeInvis .   a - +0 hand axe
rCold    . . .     Faith    .   (no shield)
rNeg     + . .     Spirit   .   j - +0 leather armour (curse)
rPois    .         Reflect  .   (no helmet)
rElec    .         Harm     .   (no cloak)
rCorr    .         Rampage  .   (no gloves)
Will     .....                  (no boots)
Stlth    ++........             (no amulet)
HPRegen  0.15/turn              e - ring of positive energy
MPRegen  0.09/turn              (no ring)

@: no status effects
A: no striking features
a: no special abilities


You were on level 3 of the Dungeon.
You visited 1 branch of the dungeon, and saw 3 of its levels.

You collected 200 gold pieces.

Inventory:

Hand Weapons
 a - a +0 hand axe (weapon)
Armour
 j - a cursed +0 leather armour (worn)
Jewellery
 e - a ring of positive energy (left hand)
Wands
 s - a wand of polymorph (8)
Scrolls
 c - 6 scrolls of remove curse
 d - 2 scrolls of random uselessness
 f - a scroll of amnesia {unknown}
 g - a scroll of enchant weapon {unknown}
 k - a scroll of enchant armour {unknown}
 m - a scroll of teleportation {unknown}
 n - a scroll of fog {unknown}
Potions
 h - a potion of resistance
 l - a potion of magic {unknown}
 o - a potion of curing
 p - a potion of cancellation {unknown}
 q - a potion of invisibility {unknown}
 r - 2 potions of degeneration {unknown}


   Skills:
 + Level 4.1 Fighting
 + Level 5.5 Axes
 + Level 1.5 Armour
 + Level 3.0 Dodging
 + Level 2.1 Stealth


You had 4 spell levels left.
You didn't know any spells.
Your spell library was empty.

Dungeon Overview and Level Annotations

Branches:
Dungeon (3/15)

Altars:


Message History

You kill the hobgoblin!
Something hits you but does no damage. x2
Your Dodging skill increases to level 3!
Unknown command.
You hit something but do no damage. Something hits you.
* * * LOW HITPOINT WARNING * * *
Unknown command.
You closely miss something. Something completely misses you.
Something hits you.
* * * LOW HITPOINT WARNING * * *
Unknown command.
You miss something. Something hits you but does no damage.
You miss something. Something hits you.
* * * LOW HITPOINT WARNING * * *
Something hits you but does no damage.
You miss something.
You hear some strange, mumbled words.
A puff of frost appears from out of thin air!
The puff of frost hits you!
You die...

†.†....#...#
#######..#
######...#...# ..##
..#.....####
#######.##
.###....###.#.##......
..... ..# .#.......
.#. #..#### ##### #...
...#.... ... #..####
.#.. #...#.# #.#
#>.##.# ###. ##....#
#.# #.<#.#.
#...#.){).# #.#
#..)###
#...#@..####.###..#)#.
#.....##........##.#
#####..............#
####.#.###.##### #.#.#
#.# ..... ..#
#........# #.#..###.#
....(# #.#


There were no monsters in sight!

Vanquished Creatures
  4 gnolls (D:3)
  3 adders (D:2)
  A dart slug (D:1)
  3 leopard geckos
  6 orcs (D:3)
  7 bats
  A giant cockroach (D:1)
  6 goblins
  3 hobgoblins
  5 frilled lizards
  A kobold (D:3)
  5 rats
45 creatures vanquished.

Notes
Turn   | Place    | Note
-------+----------+-------------------------------------------
     0 | D:1      | Exodus22XD the Hill Orc Monk began the quest for the Orb.
     0 | D:1      | Reached XP level 1. HP: 19/19 MP: 1/1
   235 | D:1      | Reached XP level 2. HP: 23/27 MP: 2/2
   791 | D:2      | Reached XP level 3. HP: 10/33 MP: 3/3
  1106 | D:2      | Reached skill level 5 in Axes
  1803 | D:3      | Reached XP level 4. HP: 40/40 MP: 4/4
  2195 | D:3      | HP: 2/40 [gnoll/+0 halberd (14)]
  2196 | D:3      | Reached skill level 1 in Armour
  2344 | D:3      | Reached XP level 5. HP: 15/46 MP: 5/5
  2350 | D:3      | Killed from afar by an orc wizard

Illustrated notes

Levels and vault maps discovered:
D:1:      dpeg_arrival_simpleton_c, layout_loops_ring
D:2:      layout_loops_ring
D:3:      layout_loops_ring, ebering_ghost_disaster_area,
          minmay_misc_feat_four_crosses

Skill      XL: |  1  2  3  4  5 |
---------------+----------------+-----
Fighting       | 4 |  4.1
Axes           | 5 |  5.5
Stealth        | 2 |  2.1
Armour         | 1 |  1.5
Dodging        | 3 |  3.0

Action                   |  1- 3 |  4- 6 || total
-------------------------+-------+-------++-------
Melee: Hand axe          |    73 |    78 ||   151
  Use: Scroll            |     4 |     1 ||     5
       Potion            |     1 |     4 ||     5
 Stab: Sleeping          |     4 |       ||     4
Armor: Robe              |     4 |       ||     4
       Leather armour    |    10 |    22 ||    32
Dodge: Dodged            |    53 |    63 ||   116
